AoeStats
← KaLong

Black Forest

508728869Analyzed
4v4 RM · 9d ago on Sep 23, 2026· 57m 10s· 8 players
Game mode
Random Map
Map size
Large (8 player)
Population
200
Speed
Normal
Resources
Standard
Victory
Conquest
Starting age
Dark Age
Ending age
Imperial Age
RankedLock teamsTeams togetherTeam positionsShared explorationLock speedFull tech treeHidden civsTurbo modeCheats
Victory
Defeat
🇪🇸 Maya · Spain
1606
+12
🇪🇸 Bulgarians · Spain
1606
+12
🇪🇸 Bohemians · Spain
1587
+13
🇦🇷 Jurchens · Argentina
1496
+17
🇭🇰 Vikings · Hong Kong SAR China
1575
-16
🇺🇸 Romans · United States
1513
-13
🇦🇷 Aztecs · Argentina
1507
-13
🇺🇸 Berbers · United States
1479
-12
busy pushing deer
0:47 Loom
11:51 Feudal Age
15:54 Castle Age
14:21 Double-Bit Axe
15:04 Gold Mining
17:02 Bow Saw
20:27 Wheelbarrow
22:35 Horse Collar
30:52 Fervor
32:13 Ballistics
32:04 Masonry
35:59 Imperial Age
33:46 Hand Cart
33:18 Town Watch
36:01 Fletching
36:11 Scale Mail Armor
36:22 Forging
38:26 Caravan
39:29 Bodkin Arrow
41:51 Chemistry
42:56 Capped Ram
44:00 Siege Engineers
43:57 Heavy Scorpion
44:56 Ballistas
45:33 Siege Ram
47:14 Conscription
48:32 Chain Mail Armor
48:52 Iron Casting
50:09 Scale Barding Armor
50:39 Architecture
50:00 Guard Tower
50:06 Murder Holes
58:11 Blast Furnace
Morris=w=
1:17 Loom
15:44 Feudal Age
20:40 Town Watch
21:08 Double-Bit Axe
24:13 Castle Age
26:16 Gold Mining
26:50 Bow Saw
33:18 Stone Mining
34:03 Gold Shaft Mining
35:27 Fortified Wall
40:38 Imperial Age
39:58 Forging
39:48 Scale Mail Armor
39:59 Squires
39:44 Arson
40:59 Horse Collar
42:06 Padded Archer Armor
41:57 Fletching
42:12 Heavy Plow
42:43 Conscription
42:24 Bogsveigar
42:02 Crossbowman
42:39 Arbalester
43:21 Bodkin Arrow
44:38 Chemistry
43:58 Ballistics
44:41 Chemistry
44:22 Bracer
44:37 Leather Archer Armor
44:11 Elite Varangian Guard
46:15 Crop Rotation
46:24 Chain Mail Armor
46:40 Ring Archer Armor
46:52 Iron Casting
48:39 Caravan
KaLong
0:55 Loom
9:42 Feudal Age
10:35 Double-Bit Axe
13:47 Horse Collar
17:53 Wheelbarrow
20:47 Castle Age
19:49 Gold Mining
21:44 Bow Saw
21:35 Heavy Plow
21:30 Stone Mining
22:21 Forging
22:53 Hand Cart
26:34 Stone Shaft Mining
33:55 Imperial Age
32:21 Bloodlines
32:11 Husbandry
33:39 Gold Shaft Mining
33:40 Town Watch
34:11 Scale Barding Armor
34:16 Forging
34:00 Heavy Camel Rider
35:59 Chain Barding Armor
35:06 Light Cavalry
37:03 Iron Casting
38:38 Chemistry
37:36 Elite Camel Archer
39:16 Coinage
40:26 Fletching
40:36 Padded Archer Armor
41:08 Bodkin Arrow
43:00 Blast Furnace
42:35 Plate Barding Armor
42:01 Bodkin Arrow
42:11 Light Cavalry
42:12 Cavalier
43:13 Scale Mail Armor
44:06 Plate Barding Armor
44:31 Blast Furnace
45:37 Blast Furnace
54:36 Caravan
ArfGran
10:40 Loom
14:09 Feudal Age
14:51 Double-Bit Axe
15:05 Gold Mining
17:49 Castle Age
16:26 Horse Collar
16:54 Arson
18:13 Scale Mail Armor
18:24 Forging
18:51 Bow Saw
18:33 Eagle Warrior
19:53 Squires
23:30 Heavy Plow
24:20 Iron Casting
26:33 Wheelbarrow
26:27 Chain Mail Armor
28:34 Hand Cart
31:19 Imperial Age
29:28 Town Watch
30:25 Gold Shaft Mining
29:41 Stone Mining
31:17 Stone Shaft Mining
32:03 Elite Eagle Warrior
33:57 Plate Mail Armor
34:27 Blast Furnace
35:35 Crop Rotation
35:51 Fletching
36:05 Treadmill Crane
36:14 Man-at-Arms
37:15 Gambesons
37:09 Long Swordsman
38:03 Two-Handed Swordsman
38:42 Bodkin Arrow
38:48 Padded Archer Armor
39:11 Ballistics
39:51 Chemistry
38:40 Arrowslits
39:43 Conscription
39:46 Garland Wars
39:02 Champion
42:33 Bracer
43:38 Siege Engineers
46:18 Caravan
54:02 Leather Archer Armor
54:13 Pikeman
55:11 Elite Skirmisher
55:55 Atlatl
55:28 Elite Genitour
CQ.TurpiAcho
10:18 Feudal Age
14:16 Castle Age
12:15 Double-Bit Axe
15:25 Bow Saw
17:38 Loom
21:25 Eagle Warrior
22:39 Forging
24:01 Wheelbarrow
23:39 Squires
25:50 Iron Casting
26:07 Hand Cart
32:11 Imperial Age
30:03 Horse Collar
31:00 Scale Mail Armor
31:29 Heavy Plow
31:24 Stone Mining
31:26 Gold Mining
32:09 Chain Mail Armor
32:24 Elite Eagle Warrior
34:03 Plate Mail Armor
34:34 Blast Furnace
35:28 Holcans
35:19 Conscription
35:11 Arson
36:41 Coinage
37:40 Treadmill Crane
38:12 Masonry
38:25 Ballistics
39:06 Chemistry
39:57 Banking
42:54 Architecture
42:37 Fletching
44:14 Bodkin Arrow
44:08 Sappers
45:17 Hoardings
45:23 Elite Plumed Archer
48:56 Bracer
50:27 Thumb Ring
53:49 Caravan
DK_Nightclaim
6:46 Loom
11:18 Feudal Age
16:51 Castle Age
15:30 Horse Collar
17:44 Double-Bit Axe
21:07 Wheelbarrow
26:20 Bow Saw
28:48 Hand Cart
31:14 Imperial Age
29:31 Scale Mail Armor
29:43 Town Watch
30:14 Chain Mail Armor
30:10 Forging
30:46 Squires
31:42 Iron Casting
30:56 Gambesons
31:55 Heavy Plow
31:28 Capped Ram
32:52 Plate Mail Armor
33:06 Fletching
33:37 Bodkin Arrow
36:05 Blast Furnace
35:14 Arson
36:20 Crop Rotation
36:23 Coinage
35:53 Caravan
35:40 Siege Ram
37:36 Bracer
39:10 Scale Barding Armor
38:52 Onager
40:54 Conscription
41:15 Bagains
41:59 Masonry
44:03 Chemistry
45:38 Bloodlines
45:28 Husbandry
44:49 Light Cavalry
47:46 Siege Onager
50:20 Stirrups
49:58 Hussar
51:05 Chain Barding Armor
52:46 Plate Barding Armor
DK_Dani
0:44 Loom
17:11 Feudal Age
23:49 Castle Age
22:10 Double-Bit Axe
22:06 Horse Collar
24:55 Bow Saw
24:46 Heavy Plow
28:09 Town Watch
31:31 Fervor
33:55 Wheelbarrow
36:58 Imperial Age
35:05 Hand Cart
36:08 Chemistry
37:18 Padded Archer Armor
38:13 Houfnice
39:17 Leather Archer Armor
39:26 Wagenburg Tactics
39:42 Conscription
40:23 Siege Engineers
41:24 Caravan
43:07 Ring Archer Armor
44:15 Scale Mail Armor
44:31 Pikeman
45:11 Squires
47:01 Two-Man Saw
45:54 Halberdier
46:20 Arson
47:17 Sanctity
47:35 Chain Mail Armor
47:30 Forging
52:22 Plate Mail Armor
52:28 Iron Casting
55:35 Blast Furnace
54:25 Fletching
56:05 Bodkin Arrow
56:43 Coinage
56:24 Guilds
AxD | MatrixWars
1:13 Loom
11:25 Feudal Age
15:41 Castle Age
13:50 Double-Bit Axe
13:46 Horse Collar
16:56 Town Watch
31:32 Wheelbarrow
41:56 Imperial Age
39:34 Siege Engineers
40:12 Heavy Plow
41:13 Padded Archer Armor
44:51 Chemistry
44:50 Thunderclap Bombs
45:48 Leather Archer Armor
47:30 Fortified Bastions
47:51 Conscription
55:14 Scale Barding Armor
55:40 Ring Archer Armor
56:43 Hand Cart
Connection lost

Rejoining the realm…

Still unreachable

The connection could not be restored.

Session expired

The server has moved on; the page needs a fresh start.